 Dungeon Crawl Stone Soup version 0.31-a0-507-gbafd7f5274 (webtiles) character file.

Game seed: 17309710239024254868

142 Fodor the Covered (level 5, 0/47 HPs)
             Began as a Minotaur Fighter on Aug 8, 2023.
             Slain by Jessica
             ... wielding a +7 club
              (7 damage)
             ... on level 3 of the Dungeon on Aug 9, 2023.
             The game lasted 00:16:34 (2629 turns).

Fodor the Covered (Minotaur Fighter)                Turns: 2629, Time: 00:16:34

Health: 0/47       AC:  7    Str: 23    XL:     5   Next: 4%
Magic:  4/4        EV: 10    Int:  5    God:
Gold:   161        SH:  4    Dex:  9    Spells: 4/4 levels left

rFire   . . .        a - +0 long sword
rCold   . . .        c - +0 buckler
rNeg    . . .        b - +0 scale mail
rPois   .            (helmet restricted)
rElec   .            (no cloak)
rCorr   .            (no gloves)
SInv    .            (no boots)
Will    .....        n - amulet of regeneration Stlth
                     (no ring)
HPRegen 1.07/turn    (no ring)
MPRegen 0.09/turn

%: no passive effects
@: no status effects
A: horns 2, retaliatory headbutt
a: no special abilities


You were on level 3 of the Dungeon.
You visited 1 branch of the dungeon, and saw 3 of its levels.

You collected 161 gold pieces.

Inventory:

Hand Weapons
 a - a +0 long sword (weapon)
Missiles
 f - 3 javelins
 g - 6 boomerangs
 v - 4 poisoned darts
Armour
 b - a +0 scale mail (worn)
 c - a +0 buckler (worn)
 e - a scarf of shadows
Jewellery
 n - an amulet of regeneration (around neck)
Scrolls
 h - 2 scrolls of noise {unknown}
 j - a scroll of amnesia {unknown}
 k - 3 scrolls of fog {unknown}
 q - a scroll of enchant weapon {unknown}
 r - 2 scrolls of identify {unknown}
 s - a scroll of enchant armour {unknown}
 t - 3 scrolls of blinking {unknown}
 u - a scroll of teleportation {unknown}
 x - a scroll of revelation {unknown}
Potions
 d - 2 potions of might
 i - 2 potions of ambrosia {unknown}
 l - a potion of curing {unknown}
 m - a potion of degeneration {unknown}
 o - a potion of mutation {unknown}
 p - a potion of brilliance {unknown}
 w - a potion of enlightenment {unknown}


   Skills:
 + Level 4.6 Fighting
 + Level 3.5 Long Blades
 + Level 4.7 Armour
 + Level 1.2 Dodging
 + Level 4.4 Shields


You had 4 spell levels left.
You didn't know any spells.
Your spell library contained the following spells:

 Spells                   Type           Power      Damage    Failure   Level
 Magic Dart               Conj           0%         1d3       83%         1
 Searing Ray              Conj           0%         2d4       93%         2
 Fulminant Prism          Conj/Hex       0%         3d5       100%        4


Dungeon Overview and Level Annotations

Branches:
Dungeon (3/15)

Altars:

Shops:
D:1 [   D:2 [

Annotations:
D:3 1 runed translucent door, Crazy Yiuf, Jessica


Innate Abilities, Weirdness & Mutations

You have a pair of horns on your head.
You reflexively headbutt those who attack you in melee.


Message History

Jessica seems to speed up.
You slash the adder! Your headbutt misses the adder.
The adder is severely wounded.
You feel sick.
You are no longer poisoned.
The adder bites you but does no damage. The adder closely misses you.
You furiously retaliate!
You headbutt the adder, but do no damage.
You miss the adder.
The adder is severely wounded.
The adder bites you but does no damage.
You miss the adder.
The adder is severely wounded.
The adder bites you but does no damage.
Jessica casts a spell.
Jessica blinks!
The adder closely misses you.
You closely miss the adder.
The adder is severely wounded.
The adder bites you but does no damage. The adder barely misses you.
You closely miss the adder. Your headbutt misses the adder.
The adder is severely wounded.
The adder bites you. Jessica hits you but does no damage.
You closely miss the adder.
The adder is severely wounded.
Jessica hits you with a +7 club. You block the adder's attack.
Jessica hits you with a +7 club!
* * * LOW HITPOINT WARNING * * *
The adder misses you.
You miss the adder. You headbutt the adder.
You kill the adder!
Jessica hits you with a +7 club!
* * * LOW HITPOINT WARNING * * *
You block Jessica's attack.
You have reached level 5!
You closely miss Jessica. Your headbutt misses Jessica.
Jessica is heavily wounded.
Jessica completely misses you.
Jessica shouts, "You are a ghastly nuisance!"
Jessica hits you with a +7 club!
You die...

##### ###########
#(... #.........#
#.... #.......@.#
#....
#......@†.########
#....
#......[.........#
#....
#................#
#....
#................#
#....
######.##........#
#.... #..#........#
###...
#...#.......###.....
##..............##..


You could see Jessica (fast).

Vanquished Creatures
  An orc priest (D:3)
  5 adders
  A dart slug (D:3)
  3 orcs (D:3)
  4 ball pythons
  7 bats
  3 endoplasms
  A giant cockroach (D:3)
  5 goblins
  7 hobgoblins
  3 jackals (D:1)
  7 quokkas
  6 frilled lizards
  4 kobolds (D:2)
  4 rats
61 creatures vanquished.

Notes
Turn   | Place    | Note
-------+----------+-------------------------------------------
     0 | D:1      | Fodor the Minotaur Fighter began the quest for the Orb.
     0 | D:1      | Reached XP level 1. HP: 19/19 MP: 0/0
    92 | D:1      | Found Jastruis's Antique Armour Boutique.
   565 | D:1      | Reached XP level 2. HP: 27/27 MP: 1/1
  1161 | D:2      | Reached XP level 3. HP: 33/33 MP: 2/2
  1510 | D:2      | Reached XP level 4. HP: 40/40 MP: 3/3
  1975 | D:2      | Found Maceanoh's Armour Shop.
  2111 | D:3      | Found a runed translucent door.
  2112 | D:3      | Noticed Crazy Yiuf
  2287 | D:3      | Found a faded altar of an unknown god.
  2490 | D:3      | Upgraded the game from 0.31-a0-496-g6f97920a28 to
                  | 0.31-a0-507-gbafd7f5274
  2495 | D:3      | Reached skill level 1 in Dodging
  2601 | D:3      | Noticed Jessica
  2629 | D:3      | Reached XP level 5. HP: 6/47 MP: 4/4
  2629 | D:3      | Slain by Jessica

Illustrated notes

Levels and vault maps discovered:
D:1:      dpeg_arrival_court, layout_basic, serial_shops,
          nicolae_shop_tiny_waterfront
D:2:      minmay_chambers_of_twos, layout_basic, serial_shops,
          nicolae_shop_just_a_little_nook
D:3:      layout_rooms, chequers_ecumenical_altar_simple, supply_closet_lemuel,
          uniq_crazy_yiuf_cottage, uniq_jessica

Skill      XL: |  1  2  3  4 |
---------------+-------------+-----
Shields        | 4 |  4.4
Armour         | 4 |  4.7
Fighting       | 4 |  4.6
Long Blades    | 3 |  3.5
Dodging        | 1 |  1.2

Action                     |  1- 3 |  4- 6 || total
---------------------------+-------+-------++-------
  Melee: Long sword        |    93 |    70 ||   163
         Headbutt          |    11 |    11 ||    22
  Throw: Javelin           |     1 |       ||     1
 Armour: Scale mail        |    65 |    38 ||   103
  Dodge: Dodged            |    67 |    35 ||   102
  Block: Buckler           |    33 |    16 ||    49

Table legend: (Time is in decaauts)
 A = Elapsed time spent in this place.
 B = Non-inter-level travel time spent in this place.
 C = Inter-level travel time spent in this place.
 D = Time resting spent in this place.
 E = Time spent auto-exploring this place.
 F = Levels seen in this place.
 G = Mean time per level.
                   A        B        C        D        E       F      G
               +--------+--------+--------+--------+--------+-----+--------+
         Total |   2675 |   2609 |     66 |    321 |      0 |   3 |  891.7 |
       Dungeon |   2675 |   2609 |     66 |    321 |      0 |   3 |  891.7 |
               +--------+--------+--------+--------+--------+-----+--------+

Top non-repeatable levels by time:
     D:2: 1014 daAuts
     D:1: 1014 daAuts
     D:3: 646 daAuts
